 Dungeon Crawl Stone Soup version 0.29.0-13-gc9e81de378 (webtiles) character file.

Game seed: 16818155832560739140

12603 jt the Envoy of Void (level 11, -7/71 HPs)
             Began as a Gargoyle Abyssal Knight on Sept 8, 2022.
             Was a High Priest of Lugonu.
             Mangled by a death scarab (21 damage)
             ... in a Gauntlet.
             The game lasted 00:29:07 (10063 turns).

jt the Envoy of Void (Gargoyle Abyssal Knight)     Turns: 10063, Time: 00:29:08

Health: -7/71      AC: 22    Str: 28    XL:     11   Next: 95%
Magic:  13/20      EV:  7    Int: 10    God:    Lugonu [*****.]
Gold:   435        SH:  0    Dex: 10    Spells: 10/10 levels left

rFire   + . .      SeeInvis .   a - +1 war axe (protect)
rCold   . . .      Faith    .   (no shield)
rNeg    + . .      Spirit   .   w - +0 plate armour
rPois   ∞          Reflect  .   L - +0 helmet
rElec   +          Harm     .   (no cloak)
rCorr   .          Rampage  .   (no gloves)
Will    .....      NoTele   +   (no boots)
Stlth   ..........              R - amulet of regeneration
HPRegen 1.01/turn               r - +6 ring of strength
MPRegen 0.17/turn               o - ring of protection from fire

@: hasted, unable to read, very quick
A: sickness immunity, AC +8, negative energy resistance 1, electricity
resistance, torment resistance 1, petrification resistance, iridescent scales 1,
inability to read after injury 1
a: Renounce Religion, Depart the Abyss, Bend Space, Banish, Corrupt, Enter the
Abyss


You were in a Gauntlet.
You worshipped Lugonu.
Lugonu was extremely pleased with you.
You visited 3 branches of the dungeon, and saw 11 of its levels.
You visited the Abyss 1 time.
You also visited: Gauntlet.

You collected 435 gold pieces.

Inventory:

Hand Weapons
 a - a +1 war axe of protection (weapon)
 b - a +0 flail of protection
 f - a +1 whip of electrocution
 h - a +1 hand axe
 p - a +0 trident
 N - a +0 arbalest of flaming
Missiles
 e - 117 stones
 k - 2 curare-tipped darts
 l - 12 poisoned darts (quivered)
 x - 11 boomerangs
 O - 4 javelins
Armour
 g - a +2 ring mail of willpower
 n - a +2 robe of resistance
 w - a +0 plate armour (worn)
 D - the +2 ring mail "Eropo" {rElec rN+ Str-3}
   (You found it on level 4 of the Dungeon)

   Str:       It affects your strength (-3).
   rElec:     It insulates you from electricity.
   rN:        It protects you from negative energy.
 L - a +0 helmet (worn)
Jewellery
 o - a ring of protection from fire (right hand)
 r - a +6 ring of strength (left hand)
 s - a ring of positive energy
 t - a ring of flight
 A - a +6 ring of strength
 B - a +6 ring of intelligence
 R - an amulet of regeneration (around neck)
Wands
 d - a wand of charming (16)
 j - a wand of polymorph (7)
 m - a wand of mindburst (18)
 y - a wand of digging (4)
Scrolls
 u - 2 scrolls of teleportation
 v - a scroll of fog
 C - a scroll of silence
 G - 2 scrolls of enchant weapon
 J - a scroll of brand weapon
 Q - a scroll of identify
 S - a scroll of vulnerability
Potions
 c - a potion of attraction
 i - a potion of brilliance
 F - a potion of curing
 I - 2 potions of lignification
 K - a potion of cancellation


   Skills:
 + Level 9.4 Fighting
 + Level 11.3 Axes
 - Level 2.0 Throwing
 - Level 4.0 Armour
 - Level 0.7 Dodging
 + Level 12.5 Invocations


You had 10 spell levels left.
You didn't know any spells.
Your spell library contained the following spells:

 Spells                   Type           Power      Damage    Failure   Level
 Apportation              Tloc           0%         N/A       99%         1
 Beastly Appendage        Tmut           0%         N/A       99%         1
 Freeze                   Ice            0%         1d3       99%         1
 Magic Dart               Conj           0%         1d3       99%         1
 Blink                    Tloc           0%         N/A       100%        2
 Call Imp                 Summ           0%         N/A       100%        2
 Wereblood                Tmut           0%         N/A       100%        2
 Frozen Ramparts          Ice            0%         1d1       100%        3
 Gell's Gravitas          Tloc           0%         N/A       100%        3
 Lesser Beckoning         Tloc           0%         N/A       100%        3
 Mephitic Cloud           Conj/Pois/Air  0%         N/A       100%        3
 Ozocubu's Armour         Ice            0%         N/A       100%        3
 Spider Form              Tmut/Pois      0%         N/A       100%        3
 Teleport Other           Tloc           0%         N/A       100%        3
 Animate Dead             Necr           0%         N/A       100%        4
 Hailstorm                Conj/Ice       0%         3d3       100%        4
 Borgnjor's Vile Clutch   Necr/Erth      0%         N/A       100%        5
 Death Channel            Necr           0%         N/A       100%        6
 Dispersal                Tloc           0%         N/A       100%        6
 Ozocubu's Refrigeration  Ice            0%         4d7       100%        7
 Summon Horrible Things   Summ           0%         N/A       100%        8


Dungeon Overview and Level Annotations

Branches:
Dungeon (9/15)             Temple (1/1) D:4            Lair (1/5) D:9
    Orc (0/2) D:9         Gauntlet (1/1)

Altars:
Cheibriados
Elyvilon
Gozag
Hepliaklqana
Ru
Sif Muna
Wu Jian
Xom
Yredelemnul
Zin
The Shining One

Annotations:
D:5 3 runed translucent doors, elQueFaltaba's ghost, novice HuCA
Abyss:1 Dowan Gauntlet 5 transporters, corrupted


Innate Abilities, Weirdness & Mutations

You are immune to sickness and miasma.
Your stone body is resilient. (AC +8)
You are immune to poison.
You resist negative energy. (rN+)
You are resistant to electric shocks. (rElec)
You are resistant to unholy torment.
You are immune to petrification.
You are partially covered in iridescent scales. (AC +2)
You occasionally lose the ability to read scrolls when taking damage.


Message History

The death scarab bites you!
Unknown command.
You slash the death scarab!
The death scarab is severely damaged.
The death scarab barely misses you.
The death scarab bites you but does no damage. x2
The ynoxinul gestures.
Unknown command.
You hit the death scarab.
The death scarab is almost destroyed.
The death scarab bites you but does no damage.
The death scarab bites you!!
* * * LOW HITPOINT WARNING * * *
Unknown command.
Space bends violently around you!
You blink.
The death scarab waves its antennae.
Press: ? - help, v - describe, . - travel
Here: a death scarab (almost destroyed)
The floor.
Okay, then.
You feel yourself speed up.
You feel yourself speed up. The death scarab bites you!
* * * LOW HITPOINT WARNING * * *
The death scarab barely misses you.
Unknown command.
Space bends violently around you!
You blink.
The spectral dream sheep bites the small abomination.
The small abomination hits the spectral dream sheep.
The tentacled starspawn is no longer moving slowly.
The small abomination hits the spectral dream sheep.
The spectral dream sheep misses the small abomination.
Press: ? - help, Shift-Dir - straight line, f - death scarab
Aim: a death scarab (chance to affect: 59%)
Okay, then.
The small abomination hits the spectral dream sheep but does no damage.
The spectral dream sheep barely misses the small abomination.
The death scarab bites you!!
You feel threatened and lose the ability to read scrolls!
You die...

..#..#...#..#..3###..##...#####..
..#..^#.#^5.#..##.h#.#....#...#.≈
..#...^#^.x##......####...#©.©#≈≈
..#...#©#.#Z#..5#5..Λ#©##.#...#..
..#Z^#...#..#..5#..│#X...######.≈
..#Z#.....#....5#..│#.....#...#.≈
..##ZBB....##.3R#..#w...X.#.8.#.≈
..##########.....#####.####...###
.....#.©.#....≈.@B.B#....B..≈....
...8.#...#....8≈...........§8≈...
.....#.©.#....≈........§....≈....
..###########...###########...###
..#..)[©.)..#...#....©....#.8.#..
..#^P^....^^#...#..#...#..#...#.#
..#.P#.PP#..#...#.#######.#####..
..#.P.P.....#...##..#.#..##...#..
..#....©....#...#....©....#©.©#..


You could see a spectral dream sheep (distracted), 2 death scarabs, a neutral
rakshasa (summoned, distracted), a neutral smoke demon (summoned, wandering), a
neutral raiju (summoned, wandering), a neutral small abomination (summoned,
distracted), a neutral starspawn tentacle (distracted), a neutral white imp
(summoned, distracted) and 4 neutral ufetubi.

Vanquished Creatures
  2 centaur warriors (D:8)
  2 death yaks (Lair:1)
  Pikel (D:5)
  A torpor snail (Lair:1)
  A raiju (Gauntlet)
  A slime creature (Gauntlet)
  3 flying skulls (Gauntlet)
  A wyvern (D:8)
  10 yaks
  A basilisk (D:8)
  3 steam dragons
  An acid dragon (Gauntlet)
  Duvessa (D:4)
  7 orc warriors
  2 sky beasts (D:8)
  3 centaurs
  2 phantoms
  4 kobold brigands
  A lemure (D:5)
  2 bullfrogs (D:8)
  Blork the orc (D:4)
  A necrophage (D:6)
  A gnoll sergeant (D:9)
  3 scorpions
  6 wights
  5 jellies
  18 killer bees
  A howler monkey (D:6)
  6 hounds
  An orc priest (D:8)
  Terence (D:3)
  A gnoll bouda (D:6)
  An iguana (D:5)
  10 orc wizards
  7 adders
  8 gnolls
  A white imp (D:5)
  2 ufetubi
  2 worms
  2 dart slugs
  40 orcs
  5 ball pythons
  5 bats
  5 endoplasms
  A giant cockroach (D:4)
  11 goblins
  8 hobgoblins
  23 kobolds
  4 quokkas
  3 frilled lizards
  3 rats (D:2)
  A butterfly (D:4)
236 creatures vanquished.

Vanquished Creatures (others)
  5 dream sheep (D:8)
  A shadow (D:8)
  A spectral komodo dragon (Gauntlet)
  A demonic plant (D:2)
  10 fungi
  17 plants
  2 starspawn tentacles (Gauntlet)
  5 withered plants
42 creatures vanquished.

Grand Total: 278 creatures vanquished

Notes
Turn   | Place    | Note
-------+----------+-------------------------------------------
     0 | Abyss:1  | jt the Gargoyle Abyssal Knight began the quest for the Orb.
     0 | Abyss:1  | Reached XP level 1. HP: 14/14 MP: 2/2
     1 | D:1      | Escaped the Abyss
   246 | D:1      | Reached XP level 2. HP: 12/19 MP: 3/3
  1090 | D:2      | Found a faded altar of an unknown god.
  1202 | D:2      | Reached XP level 3. HP: 15/23 MP: 4/4
  1647 | D:2      | Reached XP level 4. HP: 25/28 MP: 5/5
  1912 | D:3      | Reached *** piety under Lugonu
  1962 | D:3      | Found an opulent altar of Gozag.
  2282 | D:4      | Noticed Sigmund
  2461 | D:4      | Reached XP level 5. HP: 26/32 MP: 6/6
  2591 | D:4      | Noticed Blork the orc
  2643 | D:4      | Killed Blork the orc
  2817 | D:4      | Identified the +2 ring mail "Eropo" {rElec rN+ Str-3}
  2845 | D:3      | Reached skill level 3 in Invocations
  2872 | D:3      | Noticed Terence
  2888 | D:3      | Killed Terence
  3227 | D:4      | Reached XP level 6. HP: 31/37 MP: 8/8
  3292 | D:4      | Noticed Sigmund
  3292 | D:4      | Sigmund changed into Sigmund the bat
  3297 | D:4      | Killed Sigmund the bat
  3758 | D:4      | Noticed Duvessa
  3775 | D:4      | Killed Duvessa
  3775 | D:4      | Noticed Dowan
  3776 | D:4      | Reached skill level 5 in Axes
  3776 | D:4      | Banished Dowan
  3777 | D:4      | Reached skill level 4 in Invocations
  3777 | D:4      | Reached XP level 7. HP: 22/41 MP: 4/10
  3918 | D:4      | Found a staircase to the Ecumenical Temple.
  3923 | Temple   | Entered the Ecumenical Temple
  4293 | D:5      | Entered Level 5 of the Dungeon
  4341 | D:5      | Reached **** piety under Lugonu
  4794 | D:5      | You fall into a shaft and drop 1 floor!
  4802 | D:6      | Reached skill level 5 in Invocations
  4883 | D:6      | Reached XP level 8. HP: 31/46 MP: 12/12
  4891 | D:6      | Reached skill level 6 in Invocations
  5338 | D:5      | Found a runed translucent gate.
  5338 | D:5      | Found a runed translucent gate.
  5338 | D:5      | Found a runed translucent gate.
  5338 | D:5      | Noticed elQueFaltaba's ghost (novice HuCA)
  5411 | D:5      | Reached skill level 7 in Invocations
  6119 | D:6      | Noticed Pikel
  6194 | D:5      | Killed Pikel
  6195 | D:5      | Reached skill level 8 in Invocations
  6195 | D:5      | Reached XP level 9. HP: 29/51 MP: 13/15
  7006 | D:7      | Reached skill level 9 in Invocations
  7783 | D:8      | Reached skill level 1 in Throwing
  8052 | D:8      | Noticed a centaur warrior
  8078 | D:8      | Killed a centaur warrior
  8079 | D:8      | Reached skill level 5 in Fighting
  8079 | D:8      | Reached XP level 10. HP: 56/59 MP: 17/17
  8105 | D:8      | Found a shimmering altar of Xom.
  8233 | D:8      | Noticed a two-headed ogre
  8258 | D:8      | Banished a two-headed ogre
  8259 | D:8      | Reached skill level 10 in Invocations
  8369 | D:8      | Noticed a centaur warrior
  8369 | D:8      | Noticed a gargoyle
  8369 | D:8      | Noticed a brown ugly thing
  8370 | D:8      | Noticed a deep elf pyromancer
  8370 | D:8      | Noticed a two-headed ogre
  8423 | D:8      | Killed a centaur warrior
  8502 | D:8      | Banished a two-headed ogre
  8503 | D:8      | Reached skill level 10 in Axes
  8709 | D:8      | Reached skill level 11 in Invocations
  8874 | D:9      | Reached XP level 11. HP: 67/67 MP: 19/19
  8933 | D:9      | Reached ***** piety under Lugonu
  8992 | D:9      | Found a hazy altar of Hepliaklqana.
  8993 | D:9      | Found a staircase to the Orcish Mines.
  9095 | D:9      | Found a basalt altar of Yredelemnul.
  9264 | D:9      | Found a shimmering blue altar of Sif Muna.
  9347 | D:9      | Found a glowing golden altar of the Shining One.
  9467 | D:9      | Found a staircase to the Lair.
  9476 | Lair:1   | Entered Level 1 of the Lair of Beasts
  9485 | Lair:1   | Noticed a death yak
  9486 | Lair:1   | Noticed a death yak
  9504 | Lair:1   | Gained mutation: You occasionally lose the ability to read
                  | scrolls when taking damage. [potion of mutation]
  9504 | Lair:1   | Gained mutation: You are partially covered in iridescent
                  | scales. (AC +2) [potion of mutation]
  9535 | Lair:1   | Killed a death yak
  9551 | Lair:1   | Killed a death yak
  9572 | Lair:1   | Reached skill level 12 in Invocations
  9602 | Lair:1   | Found a gate leading to a gauntlet.
  9602 | Lair:1   | Identified the +0 leather armour "Ekusupl Neni" {Will+
                  | Int+3}
  9632 | Gauntlet | Entered a Gauntlet
  9632 | Gauntlet | Noticed a mana viper
  9632 | Gauntlet | Found a transporter.
  9632 | Gauntlet | Found a transporter.
  9633 | Gauntlet | Found a transporter.
  9633 | Gauntlet | Noticed a two-headed ogre
  9633 | Gauntlet | a mana viper changed into a two-headed ogre
  9636 | Gauntlet | Found a transporter.
  9637 | Gauntlet | Noticed a lindwurm
  9637 | Gauntlet | a two-headed ogre changed into a lindwurm
  9637 | Gauntlet | Noticed a harpy
  9637 | Gauntlet | a human changed into a harpy
  9641 | Gauntlet | a lindwurm changed into a tarantella
  9644 | Gauntlet | Noticed a death scarab
  9644 | Gauntlet | Noticed a death scarab
  9646 | Gauntlet | Found a transporter.
  9715 | Gauntlet | Found a transporter.
  9731 | Gauntlet | Found a transporter.
  9732 | Gauntlet | Noticed an oklob plant
  9740 | Gauntlet | Found a transporter.
  9750 | Gauntlet | Found a transporter.
  9765 | Gauntlet | Found a transporter.
  9771 | Gauntlet | Found a transporter.
  9795 | Gauntlet | Found a transporter.
  9825 | Gauntlet | Noticed a swamp dragon
  9825 | Gauntlet | a torpor snail changed into a swamp dragon
  9859 | Gauntlet | Noticed a glowing orange brain
  9859 | Gauntlet | a merfolk changed into a glowing orange brain
  9859 | Gauntlet | Noticed a faun
  9859 | Gauntlet | an elephant changed into a faun
  9895 | Gauntlet | Banished an oklob plant
  9897 | Gauntlet | Got the Textbook on the Elliptic Union
 10042 | Gauntlet | Corrupted Gauntlet
 10042 | Gauntlet | Noticed a rakshasa
 10042 | Gauntlet | Noticed a thrashing horror
 10043 | Gauntlet | Noticed a tentacled starspawn
 10058 | Gauntlet | Noticed a starcursed mass
 10063 | Gauntlet | Mangled by a death scarab

Illustrated notes

Levels and vault maps discovered:
D:1:      spicycebolla_arrival_xxxplode, layout_basic
D:2:      layout_basic, shapermc_ecumenical_altar_gd
D:3:      layout_basic, grunt_gozag_statues, hex_large, uniq_terence
D:4:      layout_cave_pods, minmay_temple_entry_butterflies, minmay_quantized,
          uniq_duvessa, uniq_blork_the_orc, uniq_sigmund
D:5:      layout_gridville, gammafunk_ghost_necromancy, uniq_crazy_yiuf_cottage
D:6:      layout_rooms, minmay_misc_feat_cross, uniq_pikel
D:7:      layout_basic, serial_corexii_hall, chequers_hall_statues_corner_a,
          corexii_hall_statues_x
D:8:      minmay_the_grid_octo_2x2 [minmay_the_grid_octo_clover_2,
          minmay_the_grid_octo_thin_diamonds, minmay_the_grid_octo_toaster,
          minmay_the_grid_octo_prize_square_snowflake], layout_loops_ring,
          kb_xom_exploding_sheep, nicolae_qazlal_eye_of_the_storm
D:9:      layout_basic, led_sif_pool, nicolae_overflow_crystal_walls,
          yredelemnul_altar_generic, amcnicky_altar_gilded, lair_entry_dummy
Temple:   nicolae_temple_bog_church
Lair:1:   layout_misc_corridors, gauntlet_entry_generic, lemuel_fruit_fields
Gauntlet: gammafunk_gauntlet_shortcut [gammafunk_gauntlet_arena_hedges,
          nicolae_gauntlet_arena_x, gammafunk_gauntlet_arena_chambers,
          gammafunk_gauntlet_arena_split_x, nicolae_gauntlet_arena_flowing_pool,
          nicolae_gauntlet_swirl, gauntlet_exit_green]

Skill      XL: |  1  2  3  4  5  6  7  8  9 10 11 |
---------------+----------------------------------+-----
Axes           | 2 3 4 5 6 7 9 10 11 | 11.3
Armour         | 3 4 |  4.0
Invocations    | 3 4 5 8 9 11 12 | 12.5
Fighting       | 5 7 9 |  9.4
Throwing       | 2 |  2.0
Dodging        | |  0.7

Action                   |  1- 3 |  4- 6 |  7- 9 | 10-12 || total
-------------------------+-------+-------+-------+-------++-------
Melee: Hand axe          |   103 |   107 |       |       ||   210
       Punch             |       |     3 |     2 |     8 ||    13
       War axe           |       |    43 |   251 |   430 ||   724
Throw: Dart              |       |       |    25 |    11 ||    36
       Boomerang         |       |       |     5 |     1 ||     6
       Stone             |       |       |     1 |       ||     1
Invok: Banish            |       |     1 |     3 |     4 ||     8
       Bend Space        |       |       |     5 |     5 ||    10
       Corrupt           |       |       |       |     1 ||     1
Evoke: Wand              |       |     2 |       |     4 ||     6
  Use: Potion            |       |     3 |       |     8 ||    11
       Scroll            |       |     3 |     9 |     7 ||    19
 Stab: Invisible         |       |       |       |     4 ||     4
Armor: Leather armour    |     6 |       |       |       ||     6
       Ring mail         |    11 |       |       |       ||    11
       Scale mail        |    25 |     2 |       |       ||    27
       Plate armour      |       |    85 |   297 |   410 ||   792
       Skin              |       |     7 |       |       ||     7
Dodge: Dodged            |    53 |    47 |   166 |   157 ||   423
